 Dungeon Crawl Stone Soup version 0.28.0-49-g6dfe1f597d (webtiles) character file.

Game seed: 10453265812962132271

697 Exodus22XD the Chopper (level 7, -21/61 HPs)
             Began as a Minotaur Fighter on May 19, 2022.
             Demolished by a two-headed ogre
             ... wielding a +0 dire flail
              (28 damage)
             ... on level 6 of the Dungeon.
             The game lasted 00:04:38 (4373 turns).

Exodus22XD the Chopper (Minotaur Fighter)           Turns: 4373, Time: 00:04:38

Health: -21/61     AC: 12    Str: 22    XL:     7   Next: 37%
Magic:  6/6        EV:  7    Int:  5    God:
Gold:   189        SH:  5    Dex: 10    Spells: 6/6 levels left

rFire   + . .      SeeInvis .   a - +0 war axe
rCold   . . .      Faith    .   c - +0 buckler
rNeg    + . .      Spirit   .   h - +0 chain mail
rPois   .          Reflect  .   (helmet restricted)
rElec   .          Harm     .   p - scarf {+Inv}
rCorr   .          Rampage  .   E - +1 pair of gloves
Will    .....                   (no boots)
Stlth   ..........              (no amulet)
HPRegen 0.20/turn               b - ring of protection from fire
MPRegen 0.10/turn               A - ring of positive energy

@: mighty
A: horns 2, retaliatory headbutt
a: Evoke Invisibility


You were on level 6 of the Dungeon.
You visited 1 branch of the dungeon, and saw 6 of its levels.

You collected 189 gold pieces.

Inventory:

Hand Weapons
 a - a +0 war axe (weapon)
 x - a +1 flail of protection
Armour
 c - a +0 buckler (worn)
 h - a +0 chain mail (worn)
 n - the +1 leather armour "Foniur" {Harm Str+6}
   (You found it on level 2 of the Dungeon)

   Str:       It affects your strength (+6).
   Harm:      It increases damage dealt and taken.
 p - a scarf of invisibility (worn)
 E - a +1 pair of gloves (worn)
Jewellery
 b - a ring of protection from fire (left hand)
 m - an amulet of faith
 A - a ring of positive energy (right hand)
 D - a ring of magical power
Scrolls
 e - 2 scrolls of fog {unknown}
 f - 3 scrolls of holy word
 g - 2 scrolls of vulnerability {unknown}
 l - a scroll of identify {unknown}
 o - a scroll of blinking {unknown}
 s - a scroll of enchant weapon {unknown}
 u - a scroll of teleportation {unknown}
 y - a scroll of torment {unknown}
 C - a scroll of immolation {unknown}
Potions
 d - a potion of might
 i - a potion of haste {unknown}
 j - 2 potions of resistance
 k - 2 potions of flight {unknown}
 q - a potion of berserk rage {unknown}
 r - 2 potions of cancellation {unknown}
 t - a potion of brilliance {unknown}
 v - a potion of curing {unknown}
 w - 3 potions of degeneration {unknown}
 z - a potion of lignification {unknown}
 B - a potion of mutation {unknown}


   Skills:
 + Level 5.2 Fighting
 + Level 7.1 Axes
 + Level 5.9 Armour
 + Level 5.0 Shields


You had 6 spell levels left.
You didn't know any spells.
Your spell library contained the following spells:

 Spells                   Type           Power      Damage    Failure   Level
 Apportation              Tloc           0%         N/A       99%         1
 Alistair's Intoxication  Tmut/Pois      0%         N/A       100%        5


Dungeon Overview and Level Annotations

Branches:
Dungeon (6/15)
 Temple: D:4-7

Altars:
Gozag
Hepliaklqana
Qazlal

Shops:
D:4 (

Annotations:
D:4 2 transporters, blade888's ghost, novice DDEE
D:6 1 transporter


Innate Abilities, Weirdness & Mutations

You have a pair of horns on your head.
You reflexively headbutt those who attack you in melee.


Message History

Things that are here:
a +0 shortbow; 7 arrows No target in view!
Found a mace.
No target in view!
You see here a +0 mace.
A two-headed ogre comes into view.
It is wielding a +0 dire flail and a +0 giant club.
The two-headed ogre shouts in stereo!
A two-headed ogre is nearby!
You hit the two-headed ogre.
The two-headed ogre is lightly wounded.
The two-headed ogre hits you but does no damage.
The two-headed ogre hits you with a +0 giant club!
You hit the two-headed ogre but do no damage.
You headbutt the two-headed ogre.
The two-headed ogre is lightly wounded.
The two-headed ogre hits you with a +0 dire flail!
The two-headed ogre hits you with a +0 giant club!
Okay, then.
Okay, then.
Okay, then.
Okay, then.
There is a stone staircase leading up here.
There is a stone staircase leading up here.
There is a stone staircase leading up here.
You slash the two-headed ogre!
Your headbutt misses the two-headed ogre.
The two-headed ogre is lightly wounded.
The two-headed ogre hits you with a +0 dire flail!!
The two-headed ogre hits you with a +0 giant club!
You barely miss the two-headed ogre.
The two-headed ogre is lightly wounded.
The two-headed ogre hits you but does no damage.
The two-headed ogre hits you with a +0 giant club!
* * * LOW HITPOINT WARNING * * *
Okay, then.
You feel very mighty all of a sudden. You block the two-headed ogre's attack.
The two-headed ogre hits you with a +0 giant club!!
You die...

## ############# ## .#
#...........# ##.#### .#
#.#########.# ##...... .# #.#
#.######## ##.....## .# #.#
#........# ........ .# #.####
########<# ##......# .# #..<.#
######.###.......# .#
#....########@O...#........... .#
##.........##.####.###.......# .#
#..######.##.# #...##......# .#
#..# #.....# ###.###..#### ##
##..#####.....# #.# #..# #
##.............# ##.###..#
###..#...........#####...##..####
....###................#.........
.....#...#####..### #...##..#...


You could see a two-headed ogre.

Vanquished Creatures
  A necrophage (D:5)
  2 centaurs
  A scorpion (D:4)
  A centaur zombie (D:6)
  2 hounds (D:5)
  A centaur skeleton (D:3)
  A jelly (D:5)
  A bullfrog skeleton (D:5)
  An iguana (D:4)
  A killer bee zombie (D:6)
  4 adders
  3 gnolls (D:4)
  A white imp (D:6)
  2 ufetubi
  3 adder skeletons
  2 worms
  2 dart slugs
  An orc (D:4)
  7 bats
  5 endoplasms
  9 giant cockroaches
  4 goblins
  9 hobgoblins
  2 jackals (D:4)
  3 kobolds
  2 quokkas
  4 ball pythons (D:4)
  4 frilled lizards
  5 rats
84 creatures vanquished.

Notes
Turn   | Place    | Note
-------+----------+-------------------------------------------
     0 | D:1      | Exodus22XD the Minotaur Fighter began the quest for the
                  | Orb.
     0 | D:1      | Reached XP level 1. HP: 19/19 MP: 0/0
    83 | D:1      | Reached XP level 2. HP: 23/27 MP: 1/1
   668 | D:2      | Reached skill level 3 in Axes
   668 | D:2      | Reached XP level 3. HP: 28/33 MP: 2/2
   892 | D:2      | Identified the +1 leather armour "Foniur" {Harm Str+6}
  1598 | D:3      | Found a stormy altar of Qazlal.
  2026 | D:3      | Reached skill level 4 in Axes
  2026 | D:3      | Reached XP level 4. HP: 35/40 MP: 3/3
  2439 | D:4      | Noticed a scorpion
  2443 | D:4      | Killed a scorpion
  2444 | D:4      | Reached XP level 5. HP: 47/47 MP: 4/4
  2512 | D:4      | Found Naoxzux's Firing Range.
  2542 | D:4      | Reached skill level 5 in Axes
  2975 | D:4      | Found a hazy altar of Hepliaklqana.
  3084 | D:4      | Reached XP level 6. HP: 53/53 MP: 5/5
  3088 | D:4      | Noticed blade888's ghost (novice DDEE)
  3089 | D:4      | Found a transporter.
  3091 | D:4      | Identified the +7 dire flail of Decaying Courage {flame,
                  | Fragile rF++ Int+3}
  3110 | D:4      | Found a transporter.
  3156 | D:5      | Entered Level 5 of the Dungeon
  3166 | D:5      | Reached skill level 5 in Armour
  3180 | D:5      | Reached skill level 6 in Axes
  3534 | D:5      | Reached XP level 7. HP: 54/60 MP: 6/6
  3590 | D:5      | Reached skill level 5 in Fighting
  3858 | D:6      | Found an opulent altar of Gozag.
  3929 | D:6      | Found a transporter.
  3966 | D:6      | Reached skill level 5 in Shields
  4103 | D:6      | Reached skill level 7 in Axes
  4251 | D:6      | Noticed a two-headed ogre
  4373 | D:6      | Demolished by a two-headed ogre

Illustrated notes

Levels and vault maps discovered:
D:1:      dpeg_arrival_simpleton_b, layout_loops_ring
D:2:      layout_basic, serial_bayou, serial_bayou_shore_b, serial_bayou_pond_e,
          serial_bayou_shore_b, serial_bayou_shore_b
D:3:      layout_loops_ring, grunt_qazlal_clouds
D:4:      layout_rooms, worldfamousw_hep_ancestral_shrine,
          gammafunk_ghost_smash, st_stairs_1, nicolae_shop_firing_range
D:5:      layout_cave_pools, serial_bayou_pond_a
D:6:      layout_loops_ring, mainiacjoe_overflow_brackets,
          grunt_gozag_breadcrumbs, gammafunk_ghost_abyssal_escape

Skill      XL: |  1  2  3  4  5  6  7 |
---------------+----------------------+-----
Shields        | 4 5 |  5.0
Armour         | 4 5 |  5.9
Fighting       | 4 5 |  5.2
Axes           | 3 4 5 6 7 |  7.1

Action                   |  1- 3 |  4- 6 |  7- 9 || total
-------------------------+-------+-------+-------++-------
Melee: War axe           |    92 |    98 |    37 ||   227
       Headbutt          |    10 |    13 |     6 ||    29
  Use: Scroll            |       |       |     1 ||     1
       Potion            |       |       |     1 ||     1
Armor: Scale mail        |    17 |       |       ||    17
       Chain mail        |    38 |    47 |    46 ||   131
Dodge: Dodged            |    44 |    38 |    17 ||    99
Block: Buckler           |    17 |    23 |    14 ||    54
